 Dungeon Crawl Stone Soup version 0.29.1-12-g30fa7ad0bf (webtiles) character file.

Game seed: 14536325476516009255

39 cowcol the Chopper (level 3, -1/33 HPs)
             Began as a Minotaur Monk on Jan 15, 2023.
             Engulfed by a cloud of flame (12 damage)
             ... on level 2 of the Dungeon.
             The game lasted 00:04:24 (1262 turns).

cowcol the Chopper (Minotaur Monk)                  Turns: 1262, Time: 00:04:25

Health: -1/33      AC:  8    Str: 17    XL:     3   Next: 26%
Magic:  2/2        EV: 10    Int:  7    God:
Gold:   62         SH:  0    Dex: 12    Spells: 2/2 levels left

rFire   . . .      SeeInvis .   r - +0 war axe
rCold   . . .      Faith    .   (no shield)
rNeg    . . .      Spirit   .   b - +0 scale mail
rPois   .          Reflect  .   (helmet restricted)
rElec   .          Harm     .   n - scarf {+Inv}
rCorr   .          Rampage  .   j - +0 pair of gloves
Will    .....                   p - +0 pair of boots
Stlth   ..........              (no amulet)
HPRegen 0.11/turn               (no ring)
MPRegen 0.08/turn               (no ring)

@: no status effects
A: horns 2, retaliatory headbutt
a: Evoke Invisibility


You were on level 2 of the Dungeon.
You visited 1 branch of the dungeon, and saw 2 of its levels.

You collected 62 gold pieces.

Inventory:

Hand Weapons
 a - a +0 hand axe
 e - a +0 dagger
 r - a +0 war axe (weapon)
Missiles
 f - 8 poisoned darts (quivered)
Armour
 b - a +0 scale mail (worn)
 d - a +0 ring mail
 i - a +0 plate armour
 j - a +0 pair of gloves (worn)
 n - a scarf of invisibility (worn)
 p - a +0 pair of boots (worn)
Jewellery
 l - a ring of see invisible
 m - a ring of protection from fire
Wands
 o - a wand of acid (13)
Scrolls
 g - a scroll of magic mapping {unknown}
 q - a scroll of teleportation {unknown}
Potions
 c - 2 potions of ambrosia
 k - a potion of curing {unknown}


   Skills:
 + Level 4.0 Fighting
 * Level 1.6 Short Blades
 + Level 4.4 Axes
 * Level 0.1 Armour
 + Level 3.4 Dodging
 + Level 1.5 Stealth


You had 2 spell levels left.
You didn't know any spells.
Your spell library contained the following spells:

 Spells                   Type           Power      Damage    Failure   Level
 Beastly Appendage        Tmut           0%         N/A       86%         1
 Wereblood                Tmut           0%         N/A       94%         2
 Spider Form              Tmut/Pois      0%         N/A       99%         3


Dungeon Overview and Level Annotations

Branches:
Dungeon (2/15)

Altars:


Innate Abilities, Weirdness & Mutations

You have a pair of horns on your head.
You reflexively headbutt those who attack you in melee.


Message History

You feel stronger. x2
Okay, then.
You see here an adder corpse.
You see here an adder corpse.
Found a stone staircase leading down.
You see here a staff of cold.
Found 5 stones.
Found a stone staircase leading up.
A ball python comes into view.
The ball python hisses angrily.
You closely miss the ball python. You headbutt the ball python.
You kill the ball python!
A frilled lizard comes into view.
The frilled lizard hisses angrily.
You hit the frilled lizard.
You kill the frilled lizard!
Found a pair of boots.
You see here a +0 pair of boots.
p - a +0 pair of boots
q - a scroll labelled AQUYKE ZAEROIKH You start putting on your armour.
You continue putting on your +0 pair of boots. x4
You finish putting on your +0 pair of boots.
Found a war axe.
Found a stone staircase leading down.
A frilled lizard comes into view.
The frilled lizard hisses angrily.
You see here a +0 war axe.
r - a +0 war axe
r - a +0 war axe (weapon)
As you read the scroll labelled ABRALA ADOUPHOXA, it crumbles to dust.
The creatures around you are filled with an inner flame!
It was a scroll of immolation.
The frilled lizard closely misses you.
You slash the frilled lizard!
The frilled lizard explodes!
The fiery explosion engulfs you!!
Ouch! That really hurt!
You are engulfed in blazing flames.
You die...

#....# #....# ....#
#...# #...# #...#
#####...# ...
#...§.@.### #...
#..>.§§....#####...
#....§§............
#........#..####.#
# .#
#.....####...###.#
...# #.....
###.#..##.# #..#
#...## #.........#
#... #...
#....##.#.####..#
#................


There were no monsters in sight!

Vanquished Creatures
  An adder (D:2)
  A worm (D:2)
  3 bats (D:1)
  2 endoplasms
  A giant cockroach (D:1)
  3 hobgoblins (D:1)
  4 jackals (D:2)
  2 ball pythons (D:2)
  2 frilled lizards (D:2)
  2 goblins (D:1)
  4 rats
25 creatures vanquished.

Vanquished Creatures (others)
  2 fungi (D:1)
  A plant (D:1)
3 creatures vanquished.

Grand Total: 28 creatures vanquished

Notes
Turn   | Place    | Note
-------+----------+-------------------------------------------
     0 | D:1      | cowcol the Minotaur Monk began the quest for the Orb.
     0 | D:1      | Reached XP level 1. HP: 19/19 MP: 0/0
   223 | D:1      | Reached XP level 2. HP: 23/27 MP: 1/1
   695 | D:1      | Found a faded altar of an unknown god.
   884 | D:2      | Reached skill level 1 in Short Blades
  1047 | D:2      | Reached XP level 3. HP: 33/33 MP: 2/2
  1262 | D:2      | Engulfed by a cloud of flame

Illustrated notes

Levels and vault maps discovered:
D:1:      spicycebolla_green_bress_n_ham, layout_loops_ring,
          shapermc_ecumenical_altar_petra
D:2:      layout_basic

Skill      XL: |  1  2 |
---------------+-------+-----
Axes           | 4 |  4.4
Short Blades   | 1 |  1.6
Fighting       | 4 |  4.0
Armour         | |  0.1
Dodging        | |  3.4
Stealth        | |  1.5

Action                   || total
-------------------------++-------
Melee: Hand axe          ||    63
       Headbutt          ||    18
       War axe           ||     1
Throw: Dart              ||     4
  Use: Scroll            ||     1
Armor: Scale mail        ||    27
Dodge: Dodged            ||    21
